 Dungeon Crawl Stone Soup version 0.21-a0-142-gdd972a7 (webtiles) character file.

61971 tilp the Scorcher (level 15, -23/128 HPs)
             Began as a Hill Orc Fire Elementalist on July 22, 2017.
             Was the Champion of Okawaru.
             Hit by a large rock thrown by a stone giant (33 damage)
             ... while paralysed by Rupert
             ... on level 2 of the Orcish Mines on July 23, 2017.
             The game lasted 02:18:48 (31456 turns).

tilp the Scorcher (Hill Orc Fire Elementalist)     Turns: 31456, Time: 02:18:49

Health: -23/128    AC: 14    Str: 15    XL:     15   Next: 4%
Magic:  28/34      EV:  2    Int: 20    God:    Okawaru [******]
Gold:   1745       SH:  0    Dex: 11    Spells: 2/28 levels left

rFire    + . .     SeeInvis .   u - +4 demon trident (elec)
rCold    . . .     Gourm    +   F - +1 buckler
rNeg     . . .     Faith    .   Y - +0 acid dragon scales
rPois    .         Spirit   .   D - +1 helmet
rElec    .         Reflect  .   I - +0 cloak {MR+}
rCorr    +         Harm     .   T - +2 pair of gloves {archery}
MR       ++...                  (no boots)
Stlth    ++........             W - amulet of the gourmand
HPRegen  0.31/turn              a - ring of wizardry
MPRegen  0.24/turn              A - ring of Parph {rF+ MP+9 Str+2 Stlth+}

@: paralysed, very slightly contaminated
A: talons 1
a: Heroism, Finesse, Renounce Religion


You were on level 2 of the Orcish Mines.
You worshipped Okawaru.
Okawaru was exalted by your worship.
You were very full.

You visited 4 branches of the dungeon, and saw 21 of its levels.
You also visited: Ice Cave.

You collected 1808 gold pieces.
You spent 63 gold pieces at shops.

Inventory:

Hand Weapons
 j - the +7 lajatang "Ruhiq" {drain, +Fly}
   (Okawaru gifted it to you on level 2 of the Lair of Beasts)

   A truly terrible weapon, it drains the life of those it strikes.
   It lets you fly.
 u - a +4 demon trident of electrocution (weapon)
 C - the +4 spear of Tortfeasance {protect, rF++ Int+3}
   (You found it on level 4 of the Dungeon)

   It protects the one who uses it against injury (+AC on strike).
   It affects your intelligence (+3).
   It greatly protects you from fire.
Armour
 l - a +1 leather armour of magic resistance
 r - a +0 chain mail of fire resistance
 x - a +1 cloak
 D - a +1 helmet (worn)
 E - a +0 pair of boots
 F - a +1 buckler (worn)
 G - a +2 robe of resistance
 I - a +0 cloak of magic resistance (worn)
 T - a +2 pair of gloves of archery (worn)
 Y - +0 acid dragon scales (worn)
Jewellery
 a - a ring of wizardry (left hand)
 b - an uncursed ring of ice
 k - an uncursed ring of protection from magic
 A - the ring of Parph (right hand) {rF+ MP+9 Str+2 Stlth+}
   (You found it in an ice cave)

   [ring of magical power]

   It affects your strength (+2).
   It protects you from fire.
   It affects your magic capacity (+9).
   It makes you more stealthy.
 U - an uncursed ring of flight
 W - an amulet of the gourmand (around neck)
Wands
 c - a wand of disintegration (9/24)
 f - a wand of iceblast (7/15)
 i - a wand of acid (10/15)
 t - a wand of confusion (34/48)
 v - a wand of flame (35/48)
 H - a wand of digging (9/24)
 N - a wand of paralysis (10/24)
 X - a wand of lightning (8/15)
Scrolls
 e - 2 scrolls of blinking
 h - 12 scrolls of teleportation
 q - a scroll of fear
 s - a scroll of summoning
 w - 6 scrolls of remove curse
 y - 4 scrolls of fog
 B - a scroll of recharging {unknown}
 O - a scroll of magic mapping
 P - a scroll of random uselessness {unknown}
 Q - a scroll of torment {unknown}
Potions
 d - a potion of haste
 g - 2 potions of brilliance
 m - 3 potions of curing
 p - 2 potions of ambrosia
 z - a potion of resistance
 S - 2 potions of heal wounds
Miscellaneous
 o - a phantom mirror
Comestibles
 n - 5 chunks of flesh
 R - 35 fruits


   Skills:
 + Level 10.5 Fighting
 - Level 5.0 Armour
 - Level 7.0 Dodging
 - Level 1.5 Stealth
 + Level 0.4 Shields
 - Level 7.0 Spellcasting
 * Level 13.8 Conjurations
 + Level 15.4 Fire Magic
 - Level 6.2 Invocations
 + Level 3.9 Evocations


You had 2 spell levels left.
You knew the following spells:

 Your Spells              Type           Power        Failure   Level  Hunger
a - Flame Tongue          Conj/Fire      #####        1%          1    None
b - Throw Flame           Conj/Fire      ######       1%          2    None
c - Conjure Flame         Conj/Fire      ######..     1%          3    #......
d - Sticky Flame          Conj/Fire      ######..     1%          4    ###....
e - Animate Skeleton      Necr           N/A          9%          1    None
f - Fireball              Conj/Fire      ######....   1%          5    #####..
g - Static Discharge      Conj/Air       ####....     1%          3    #......
h - Lightning Bolt        Conj/Air       ####......   13%         5    #####..
i - Throw Frost           Conj/Ice       ####..       1%          2    None


Dungeon Overview and Level Annotations

Branches:
Dungeon (12/15)            Temple (1/1) D:7            Lair (6/6) D:9
 Shoals (0/4) Lair:3       Spider (0/4) Lair:3          Orc (2/2) D:9
    Elf (0/3) Orc:2
  Slime: Lair:5-6

Altars:
Ashenzari
Cheibriados
Dithmenos
Elyvilon
Fedhas
Gozag
Hepliaklqana
Kikubaaqudgha
Makhleb
Nemelex Xobeh
Okawaru
Qazlal
Ru
Sif Muna
Trog
Uskayaw
Vehumet
Wu Jian
Xom
Yredelemnul
Zin
The Shining One

Shops:
D:5 %   D:6 [   Orc:1 %   Orc:2 !

Annotations:
D:11 exclusion: obsidian statue
Lair:3 1 runed door
Lair:6 temple + demons, exclusion: 2 oklob plants
Orc:2 Rupert


Innate Abilities, Weirdness & Mutations

You have sharp toenails.


Message History

Aim: Rupert, wielding a great mace of holy wrath and wearing a ring mail (severely wounded, slow)
The flame tongue hits Rupert.
Rupert is almost dead.
Rupert looks more energetic.
Casting: Flame Tongue
Confirm with . or Enter, or press ? or * to list all spells.
Aiming: Flame Tongue
Press: ? - help, Shift-Dir - straight line, f/p - Rupert
Aim: Rupert, wielding a great mace of holy wrath and wearing a ring mail (almost dead)
The flame tongue hits Rupert.
Rupert appears unharmed.
Rupert is almost dead.
Rupert yells loudly at you.
You easily resist.
Okay, then.
Rupert roars wildly at you.
You easily resist.
Rupert roars wildly at you.
You suddenly lose the ability to move!
The stone giant throws a large rock.
The large rock hits you!!
You die...

##.#....## ###...... ### ##.....
#.## ##### ##.... ##.# ###...##
####. ##..### ##.....<# ##.. ###
##.....# ###......### #...
..#####.....####........#.## #.).
.###.#..........@....#.....###[..
..##......#..........#....###....
...#...####..........#........)##
......## ###........###.......)#.
.......###..@.......####.........
.........C....###....#......#....
...............##....#....#.##...
##.##..........##.........####...
#####........#####.......## #...


You could see Rupert and a stone giant.

Vanquished Creatures
  Gastronok (D:8)
  A frost giant (IceCv)
  An orc warlord (Orc:1)
  5 hydras
  2 two-headed ogres
  9 death yaks
  A sixfirhy (Lair:6)
  A wizard (Lair:6)
  3 unseen horrors
  An orc knight (D:9)
  A wolf spider zombie (D:12)
  3 ugly things (D:11)
  A manticore (D:11)
  Maurice (Orc:2)
  4 elephants
  An orange demon (Lair:6)
  8 spiny frogs
  An ice statue (IceCv)
  2 rime drakes (Lair:6)
  8 komodo dragons
  2 ice devils (Lair:2)
  14 polar bears
  5 trolls
  A snapping turtle (Lair:3)
  12 blink frogs
  4 hippogriffs
  4 slime creatures
  A shadow (D:11)
  2 wraiths
  4 wyverns
  A vampire (D:12)
  55 yaks
  2 wargs
  2 vampire mosquitoes (D:12)
  4 hungry ghosts
  An acid dragon (D:10)
  6 water moccasins
  6 porcupines
  16 orc warriors
  3 ice beasts
  4 sky beasts
  3 black bears
  A phantom (D:8)
  26 wolves
  9 ogres
  3 necrophages
  11 centaurs
  11 crocodiles
  3 big kobolds
  16 bullfrogs
  A gnoll sergeant (D:9)
  7 scorpions
  A troll zombie (D:9)
  10 killer bees
  9 wights
  4 electric eels
  5 howler monkeys
  3 crimson imps
  A bullfrog zombie (D:6)
  A quasit (D:11)
  3 jellies
  3 hounds
  13 orc priests
  15 orc wizards
  2 bullfrog skeletons
  A centaur skeleton (D:4)
  7 iguanas
  12 worker ants
  5 ogre zombies (D:9)
  A hound skeleton (D:11)
  A howler monkey zombie (D:5)
  2 worker ant zombies
  8 adders
  10 gnolls
  3 shadow imps
  2 worms (D:2)
  2 dart slugs
  7 leopard geckos
  53 orcs
  A ball python (D:4)
  4 giant cockroaches
  7 goblins
  8 hobgoblins
  11 jackals
  2 quokkas
  6 bats
  5 frilled lizards
  4 goblin zombies (D:9)
  A hobgoblin zombie (D:9)
  15 kobolds
  A leopard gecko zombie (D:8)
  14 orc zombies (D:9)
  6 rats
  A spectral orc (D:3)
  A fungus (Lair:6)
  A plant (D:1)
567 creatures vanquished.

Vanquished Creatures (collateral kills)
  A hydra (Lair:3)
  An elephant (Lair:3)
  2 spiny frogs
  A komodo dragon (Lair:4)
  6 blink frogs
  10 yaks
  A hell hound (Lair:6)
  5 water moccasins
  3 porcupines
  An orc warrior (Orc:1)
  12 wolves
  5 crocodiles
  4 bullfrogs
  A scorpion (D:9)
  An orc priest (Orc:1)
  4 orcs (Orc:1)
  3 fungi
  4 plants (Lair:2)
65 creatures vanquished.

Vanquished Creatures (others)
  An orc priest (D:7)
  An orc wizard (D:7)
  3 orcs
  5 fungi
  3 plants
  10 toadstools (Lair:3)
23 creatures vanquished.

Grand Total: 655 creatures vanquished

Notes
Turn   | Place    | Note
-------+----------+-------------------------------------------
     0 | D:1      | tilp the Hill Orc Fire Elementalist began the quest for the Orb.
     0 | D:1      | Reached XP level 1. HP: 14/14 MP: 3/3
   199 | D:1      | Reached XP level 2. HP: 19/20 MP: 1/5
   959 | D:2      | Found an ancient bone altar of Kikubaaqudgha.
  1048 | D:2      | Found a stormy altar of Qazlal.
  1075 | D:2      | Reached XP level 3. HP: 26/26 MP: 3/6
  1136 | D:2      | Learned a level 2 spell: Throw Flame
  1140 | D:2      | Learned a level 3 spell: Conjure Flame
  1249 | D:2      | Reached XP level 4. HP: 24/33 MP: 3/7
  1811 | D:2      | Found a blossoming altar of Fedhas.
  2488 | D:3      | Found a faded altar of an unknown god.
  2638 | D:3      | Reached XP level 5. HP: 23/38 MP: 8/8
  2843 | D:3      | Found a deep blue altar of Sif Muna.
  2982 | D:3      | Found a basalt altar of Yredelemnul.
  3028 | D:3      | Reached skill level 4 in Fire Magic
  3628 | D:4      | Got a polished spear
  3672 | D:4      | Identified the +4 spear of Tortfeasance {protect, rF++ Int+3} (You found it on level 4 of the Dungeon)
  4064 | D:4      | Reached skill level 1 in Fighting
  4064 | D:4      | Reached XP level 6. HP: 40/47 MP: 4/9
  4496 | D:5      | Entered Level 5 of the Dungeon
  4500 | D:5      | Reached skill level 5 in Fire Magic
  4577 | D:5      | Found a glowing silver altar of Zin.
  4814 | D:5      | Found a transporter.
  4831 | D:5      | Reached XP level 7. HP: 40/55 MP: 7/10
  4919 | D:5      | Found a transporter.
  4993 | D:5      | Found a blossoming altar of Fedhas.
  5040 | D:5      | Reached skill level 5 in Conjurations
  5288 | D:5      | Reached skill level 6 in Fire Magic
  5546 | D:5      | Found Keedium's Food Emporium.
  5661 | D:6      | Reached XP level 8. HP: 46/63 MP: 7/11
  5683 | D:6      | Learned a level 4 spell: Sticky Flame
  5750 | D:6      | Found an opulent altar of Gozag.
  5770 | D:6      | Found a shattered altar of Ashenzari.
  5786 | D:6      | Found a snail-covered altar of Cheibriados.
  5838 | D:6      | Found Owaemig's Armour Emporium.
  6526 | D:6      | Found a bloodstained altar of Trog.
  6555 | D:6      | Found a shadowy altar of Dithmenos.
  6645 | D:6      | Bought a +0 helmet for 63 gold pieces
  6774 | D:7      | Reached skill level 7 in Fire Magic
  6956 | D:7      | Found a staircase to the Ecumenical Temple.
  6965 | Temple   | Entered the Ecumenical Temple
  7008 | Temple   | Became a worshipper of Warmaster Okawaru
  7149 | D:7      | Found a burning altar of Makhleb.
  7376 | D:7      | Learned a level 1 spell: Animate Skeleton
  7711 | D:7      | Reached XP level 9. HP: 71/71 MP: 7/13
  8092 | D:8      | Reached * piety under Okawaru
  8116 | D:8      | Reached skill level 8 in Fire Magic
  8641 | D:8      | Found a white marble altar of Elyvilon.
  8971 | D:8      | Found a hazy altar of Hepliaklqana.
  8979 | D:8      | Gained mutation: You have sharp toenails. [mutagenic meat]
  9015 | D:8      | Noticed Gastronok
  9043 | D:8      | Reached skill level 5 in Fighting
  9125 | D:8      | Reached ** piety under Okawaru
  9395 | D:8      | Killed Gastronok
  9395 | D:8      | Reached *** piety under Okawaru
  9395 | D:8      | Reached **** piety under Okawaru
  9395 | D:8      | Reached skill level 9 in Fire Magic
  9395 | D:8      | Reached XP level 10. HP: 22/83 MP: 1/16
  9731 | D:9      | Noticed a two-headed ogre
  9744 | D:9      | Killed a two-headed ogre
  9744 | D:9      | Reached skill level 5 in Dodging
  9838 | D:9      | Learned a level 5 spell: Fireball
 10347 | D:9      | Found a staircase to the Lair.
 10672 | D:9      | Reached ***** piety under Okawaru
 10754 | D:9      | Found a staircase to the Orcish Mines.
 11227 | D:9      | Reached skill level 10 in Fire Magic
 11481 | D:10     | Entered Level 10 of the Dungeon
 11500 | D:10     | Reached skill level 5 in Spellcasting
 11500 | D:10     | Reached XP level 11. HP: 66/89 MP: 8/18
 11572 | D:10     | Learned a level 3 spell: Static Discharge
 12247 | D:10     | Received a gift from Okawaru
 12575 | D:10     | Reached skill level 10 in Conjurations
 13093 | D:11     | Noticed a green ugly thing
 13099 | D:11     | Noticed a white ugly thing
 13110 | D:11     | Killed a green ugly thing
 13110 | D:11     | Reached skill level 1 in Invocations
 13115 | D:11     | Killed a white ugly thing
 13115 | D:11     | Reached skill level 11 in Fire Magic
 13499 | D:11     | Noticed an obsidian statue
 13840 | D:11     | Noticed a two-headed ogre
 13849 | D:11     | Noticed a six-headed hydra
 13855 | D:11     | Killed a two-headed ogre
 13878 | D:11     | HP: 4/89 [six-headed hydra (13)]
 13879 | D:11     | Killed a six-headed hydra
 13879 | D:11     | Received a gift from Okawaru
 13882 | D:11     | Got an iridescent hunting sling {god gift}
 14235 | D:11     | Identified the +7 hunting sling of Vanity {freeze, rPois rC+ Int-5} (Okawaru gifted it to you on level 11 of the Dungeon)
 14238 | D:11     | Noticed an unseen horror
 14478 | D:11     | Noticed a cyan ugly thing
 14488 | D:11     | Killed a cyan ugly thing
 14856 | D:11     | Noticed a manticore
 14866 | D:11     | Killed a manticore
 14891 | D:11     | Noticed an unseen horror
 14894 | D:11     | Killed an unseen horror
 14894 | D:11     | Reached skill level 12 in Fire Magic
 14894 | D:11     | Reached XP level 12. HP: 53/96 MP: 6/20
 15527 | D:12     | Reached ****** piety under Okawaru
 15726 | D:11     | Reached skill level 5 in Invocations
 16107 | D:12     | Received a gift from Okawaru
 17083 | Orc:1    | Entered Level 1 of the Orcish Mines
 17726 | Orc:1    | Noticed an orc warlord
 17822 | Lair:1   | Entered Level 1 of the Lair of Beasts
 17860 | Lair:1   | Learned a level 5 spell: Lightning Bolt
 18840 | Lair:1   | Reached skill level 13 in Fire Magic
 19122 | Lair:1   | Reached XP level 13. HP: 80/105 MP: 3/22
 19976 | Lair:2   | Found a frozen archway.
 20322 | IceCv    | Entered an ice cave
 21629 | IceCv    | Received a gift from Okawaru
 21630 | IceCv    | Got a translucent chain mail {god gift}
 21649 | IceCv    | Reached skill level 14 in Fire Magic
 21767 | IceCv    | Noticed a frost giant
 21807 | IceCv    | Killed a frost giant
 21807 | IceCv    | Reached skill level 1 in Armour
 22410 | IceCv    | Got a crude golden ring
 22663 | IceCv    | Identified the ring of Parph {rF+ MP+9 Str+2 Stlth+} (You found it in an ice cave)
 22678 | IceCv    | Identified the +6 chain mail "Qukevil" {Stlth+} (Okawaru gifted it to you in an ice cave)
 23556 | Lair:2   | Reached skill level 1 in Evocations
 23556 | Lair:2   | Reached XP level 14. HP: 118/118 MP: 23/23
 23745 | Lair:2   | Received a gift from Okawaru
 23768 | Lair:2   | Got a polished lajatang {god gift}
 24819 | Lair:3   | Found a runed door.
 24998 | Lair:3   | Found a hole to the Spider Nest.
 25509 | Lair:3   | Found a staircase to the Shoals.
 25532 | Lair:3   | Received a gift from Okawaru
 25943 | D:9      | Learned a level 2 spell: Throw Frost
 25950 | D:9      | Identified the +7 lajatang "Ruhiq" {drain, +Fly} (Okawaru gifted it to you on level 2 of the Lair of Beasts)
 26384 | Lair:4   | Received a gift from Okawaru
 27688 | Lair:5   | Reached skill level 15 in Fire Magic
 27865 | Lair:5   | Reached skill level 10 in Fighting
 28253 | Lair:6   | Entered Level 6 of the Lair of Beasts
 28753 | Lair:6   | Received a gift from Okawaru
 28976 | Lair:6   | Found a burning altar of Makhleb.
 29633 | D:3      | Identified Sif Muna's Compendium of Confrontation
 30180 | Orc:1    | Killed an orc warlord
 30391 | Orc:1    | Reached XP level 15. HP: 68/127 MP: 25/25
 30410 | Orc:1    | Reached skill level 5 in Armour
 30555 | Orc:1    | Found Udiesoj's Food Boutique.
 30955 | Orc:2    | Entered Level 2 of the Orcish Mines
 31076 | Orc:2    | Found Ciguv's Distillery.
 31332 | Orc:2    | Noticed Maurice
 31344 | Orc:2    | Killed Maurice
 31402 | Orc:2    | Noticed Rupert
 31443 | Orc:2    | HP: 6/128 [Rupert/great mace of holy wrath (15)]
 31454 | Orc:2    | Paralysed by Rupert for 3 turns
 31456 | Orc:2    | Hit by a large rock thrown by a stone giant

Vault maps used:
D:1:      roderic_crop_circles_arrival_small
D:2:      grunt_temple_overflow_growth_and_decay, lemuel_doored_altar
D:3:      yredelemnul_forgotten_temple_becter, led_sif_book,
          chequers_ecumenical_altar_lobes, first_bread
D:5:      gammafunk_steamed_eel, zin_scriptorium, serial_shops,
          nicolae_shop_stone, fedhas_altar_4
D:6:      nicolae_gozag_seed_capital, ashenzari_altar_1,
          grunt_dithmenos_shadows, kennysheep_mini_moat,
          nicolae_overflow_hidden_temple, serial_shops, shop
D:7:      lemuel_crystal_altar, lemuel_temple_firewalk_a
D:8:      lemuel_round_altar, elyvilon_altar_3, uniq_gastronok
D:9:      dpeg_oklobed_lair, zombieorc1_lemuel, blue_anna_alchemist
D:11:     minmay_protected_statue
D:12:     st_stairs_3
Temple:   nicolae_temple_figure_zero
Lair:1:   minivault_19, grunt_megastairs_3
Lair:2:   portal_ice_cave_demonic_guard, grunt_megastairs_2,
          serial_bayou_shore_a
Lair:3:   gammafunk_lair_enchanted_lake, minmay_shoals_entry_hut,
          dummy_spider_entry
Lair:6:   evil_forest, slime_altar_2, minmay_lair_oklob_chamber
Orc:1:    serial_shops, nicolae_shop_trees
Orc:2:    st_orc_elflike, serial_shops, nicolae_shop_stone, uniq_erolcha,
          uniq_rupert, uniq_maurice
IceCv:    ice_cave_caverns_01

Skill      XL: |  1  2  3  4  5  6  7  8  9 10 11 12 13 14 15 |
---------------+----------------------------------------------+-----
Spellcasting   | 2 4 5 6 7 |  7.0
Conjurations   | 2 3 4 5 6 8 9 10 11 12 13 | 13.8
Fire Magic     | 4 5 6 7 9 10 12 13 14 15 | 15.4
Fighting       | 1 2 3 4 6 7 9 10 | 10.5
Dodging        | 2 3 4 5 6 7 |  7.0
Invocations    | 4 6 |  6.2
Armour         | 2 4 5 |  5.0
Evocations     | 1 3 |  3.9
Stealth        | |  1.5
Shields        | |  0.4

Action                   |  1- 3 |  4- 6 |  7- 9 | 10-12 | 13-15 || total
-------------------------+-------+-------+-------+-------+-------++-------
Melee: Unarmed           |     5 |       |       |       |       ||     5
       Club              |     6 |       |       |       |       ||     6
       Hand axe          |   113 |   111 |       |       |       ||   224
       Spear             |       |    50 |   241 |   593 |   611 ||  1495
       Kick              |       |       |     2 |   115 |   197 ||   314
       Lajatang          |       |       |       |       |   136 ||   136
       Demon trident     |       |       |       |       |   145 ||   145
Throw: Javelin           |       |     1 |     2 |     1 |       ||     4
       Stone             |       |       |     1 |       |       ||     1
 Cast: Flame Tongue      |    26 |    40 |   103 |   224 |   110 ||   503
       Throw Flame       |       |     7 |    14 |    23 |     6 ||    50
       Conjure Flame     |       |     4 |     7 |    37 |    58 ||   106
       Sticky Flame      |       |       |    11 |    66 |    53 ||   130
       Fireball          |       |       |       |    11 |    25 ||    36
       Animate Skeleton  |       |       |       |     3 |    81 ||    84
       Lightning Bolt    |       |       |       |       |     1 ||     1
       Throw Frost       |       |       |       |       |     1 ||     1
Invok: Heroism           |       |       |       |     3 |     9 ||    12
       Finesse           |       |       |       |     1 |     4 ||     5
 Abil: Evoke Flight      |       |       |       |       |     1 ||     1
Evoke: Wand              |       |       |     1 |       |       ||     1
  Use: Scroll            |       |       |    10 |    12 |    16 ||    38
       Potion            |       |       |     4 |     1 |     5 ||    10
 Stab: Sleeping          |       |     2 |     2 |     1 |     3 ||     8
       Paralysed         |       |       |     4 |       |       ||     4
  Eat: Chunk             |     2 |     9 |     8 |    37 |    51 ||   107
       Royal jelly       |       |     2 |     1 |     2 |       ||     5
       Fruit             |       |       |     3 |       |       ||     3
       Meat ration       |       |       |     2 |     2 |       ||     4
Armor: Robe              |    17 |    37 |    75 |    38 |       ||   167
       Leather armour    |     7 |       |       |       |       ||     7
       Acid dragon scale |       |       |       |   245 |   395 ||   640
       Skin              |       |       |       |       |     7 ||     7
Dodge: Dodged            |    46 |   112 |   117 |   377 |   651 ||  1303
Block: Buckler           |       |     1 |    23 |    83 |   151 ||   258
